 Dungeon Crawl Stone Soup version 0.29.1-4-g47bece8355 (webtiles) character file.

Game seed: 12562302148632650662

113 Hiippo the Trooper (level 5, -1/42 (43) HPs)
             Began as a Formicid Abyssal Knight on Dec 5, 2022.
             Was a Priest of Lugonu.
             Slain by a gnoll
             ... wielding a +0 spear
              (6 damage)
             ... on level 3 of the Dungeon.
             The game lasted 00:10:34 (2384 turns).

Hiippo the Trooper (Formicid Abyssal Knight)        Turns: 2384, Time: 00:10:35

HP:   -1/42 (43)    AC: 13    Str: 16 (19) XL:     5   Next: 17%
MP:   6/6           EV:  4    Int:  9 (10) God:    Lugonu [***...]
Gold: 102           SH:  0    Dex: 12 (14) Spells: 4/4 levels left

rFire   . . .      SeeInvis +   a - +1 hand axe
rCold   . . .      Faith    .   (no shield)
rNeg    . . .      Spirit   .   g - +0 plate armour
rPois   .          Reflect  .   (helmet unavailable)
rElec   .          Harm     .   c - +0 cloak
rCorr   .          Rampage  .   n - +0 pair of gloves
Will    .....                   (no boots)
Stlth   ..........              (no amulet)
HPRegen 0.14/turn               (no ring)
MPRegen 0.10/turn               (no ring)

@: lightly drained
A: permanent stasis, dig shafts and tunnels, antennae 3, four strong arms
a: Dig, Shaft Self, Renounce Religion, Depart the Abyss, Bend Space, Banish


You were on level 3 of the Dungeon.
You worshipped Lugonu.
Lugonu was most pleased with you.
You visited 1 branch of the dungeon, and saw 3 of its levels.
You visited the Abyss 1 time.

You collected 102 gold pieces.

Inventory:

Hand Weapons
 a - a +1 hand axe (weapon)
Missiles
 m - 21 stones (quivered)
Armour
 b - a +0 leather armour
 c - a +0 cloak (worn)
 f - a +0 ring mail
 g - a +0 plate armour (worn)
 n - a +0 pair of gloves (worn)
Scrolls
 e - a scroll of amnesia
 h - a scroll of summoning {unknown}
 j - 3 scrolls of teleportation
 o - a scroll of identify
Potions
 d - a potion of degeneration
 i - a potion of resistance {unknown}
 k - a potion of flight {unknown}
 l - a potion of might {unknown}
 p - 2 potions of lignification
 q - a potion of brilliance {unknown}


   Skills:
 + Level 4.8 Fighting
 + Level 3.7 Axes
 - Level 2.1 Armour
 - Level 0.8 Dodging
 - Level 2.1 Invocations


You had 4 spell levels left.
You didn't know any spells.
Your spell library contained the following spells:

 Spells                   Type           Power      Damage    Failure   Level
 Dazzling Flash           Conj/Hex       0%         N/A       100%        3
 Gell's Gravitas          Tloc           0%         N/A       100%        3
 Lesser Beckoning         Tloc           0%         N/A       100%        3
 Teleport Other           Tloc           0%         N/A       100%        3
 Agony                    Necr           0%         N/A       100%        5
 Silence                  Hex/Air        0%         N/A       100%        5


Dungeon Overview and Level Annotations

Branches:
Dungeon (3/15)

Altars:


Innate Abilities, Weirdness & Mutations

You cannot be hasted, slowed, berserked, paralysed or teleported.
You can dig through walls and to a lower floor.
You have a pair of large antennae on your head. (SInv)
Your four strong arms can wield two-handed weapons with a shield.


Message History

The gnoll is heavily wounded.
The gnoll hits you but does no damage.
You hit the gnoll.
The gnoll is severely wounded.
The gnoll hits you with a +0 flail.
You barely miss the gnoll.
The gnoll is severely wounded.
The gnoll hits you with a +0 flail!
* * * LOW HITPOINT WARNING * * *
You hit the gnoll.
The gnoll is almost dead.
A gnoll comes into view. It is wielding a +0 spear.
The gnoll hits you but does no damage.
You hit the gnoll.
You kill the gnoll!
Lugonu accepts your kill.
You close the door, pushing everything out of the way.
Things that are here:
a +0 whip; a ball python corpse; an orc corpse
There is an open door here.
As you close the door, it creaks loudly!
A gnoll opens the door.
It is wielding a +0 spear.
There is an open door here.
You close the door.
A gnoll opens the door.
It is wielding a +0 spear.
The gnoll hits you with a +0 spear!
* * * LOW HITPOINT WARNING * * *
You hit the gnoll.
The gnoll is heavily wounded.
The gnoll hits you with a +0 spear.
* * * LOW HITPOINT WARNING * * *
The gnoll hits you but does no damage.
You hit the gnoll.
The gnoll is almost dead.
The gnoll hits you with a +0 spear.
* * * LOW HITPOINT WARNING * * *
You closely miss the gnoll.
The gnoll is almost dead.
The gnoll hits you with a +0 spear.
You die...

.....##.## #.# .....##.#
#.# #######.# #.# ##+##
#.### ##...## #...#
##.....## ####.#
##.......## ##.##.#
###.........####.....#
..'....g....'..g@..#.#
###.........####...#.####
##.......## #....#..†.#
##.....## #.#######.#
##...## #....#....# ##'##
####.#.#### ######.##
#.#.# ##.......# #...#
.....##..# ##.##


You could see a gnoll.

Vanquished Creatures
  2 adders (D:2)
  3 gnolls (D:3)
  3 worms
  3 dart slugs
  3 orcs (D:3)
  4 ball pythons
  3 endoplasms
  3 giant cockroaches
  5 hobgoblins
  3 quokkas
  A bat (D:2)
  9 frilled lizards
  3 goblins (D:1)
  2 kobolds
  5 rats
52 creatures vanquished.

Notes
Turn   | Place    | Note
-------+----------+-------------------------------------------
     0 | Abyss:1  | Hiippo the Formicid Abyssal Knight began the quest for the
                  | Orb.
     0 | Abyss:1  | Reached XP level 1. HP: 18/18 MP: 2/2
     1 | D:1      | Escaped the Abyss
   123 | D:1      | Found a faded altar of an unknown god.
   354 | D:1      | Reached XP level 2. HP: 24/24 MP: 3/3
  1089 | D:2      | Reached XP level 3. HP: 30/30 MP: 4/4
  1156 | D:2      | Reached skill level 4 in Fighting
  1330 | D:2      | Reached *** piety under Lugonu
  1432 | D:2      | Reached XP level 4. HP: 36/38 MP: 5/5
  2319 | D:3      | Reached XP level 5. HP: 28/41 MP: 6/6
  2384 | D:3      | Slain by a gnoll

Illustrated notes

Levels and vault maps discovered:
D:1:      sevenhm_arrival_forest_fort_small_1, layout_basic,
          shapermc_ecumenical_altar_notcrosses
D:2:      layout_rooms
D:3:      layout_loops_corners, minitemple, grunt_ministairs_12

Skill      XL: |  1  2  3 |
---------------+----------+-----
Fighting       | 4 |  4.8
Axes           | 3 |  3.7
Armour         | |  2.1
Dodging        | |  0.8
Invocations    | |  2.1

Action                   |  1- 3 |  4- 6 || total
-------------------------+-------+-------++-------
Melee: Hand axe          |    95 |    88 ||   183
       Punch             |       |     1 ||     1
 Abil: Dig               |       |     2 ||     2
  Use: Potion            |     3 |       ||     3
       Scroll            |     2 |       ||     2
Armor: Ring mail         |     4 |       ||     4
       Leather armour    |     1 |       ||     1
       Plate armour      |    60 |    48 ||   108
Dodge: Dodged            |    17 |    13 ||    30
